 Dungeon Crawl Stone Soup version 0.23.2 (webtiles) character file.

Game seed: 7941357607694214925

630 Borgoz the Cutter (level 7, 0/43 HPs)
             Began as a Gargoyle Gladiator on Apr 12, 2019.
             Killed by nerve-wracking pain
             ... invoked by an orc priest
              (2 damage)
             ... on level 4 of the Dungeon.
             The game lasted 00:06:58 (3027 turns).

Borgoz the Cutter (Gargoyle Gladiator)              Turns: 3027, Time: 00:06:59

Health: 0/43       AC: 19    Str: 23    XL:     7   Next: 48%
Magic:  7/7        EV: 14    Int:  8    God:
Gold:   248        SH:  0    Dex: 13    Spells: 6/6 levels left

rFire    . . .     SeeInvis .   y - +1 rapier (protect)
rCold    . . .     Gourm    .   (no shield)
rNeg     + . .     Faith    .   b - +0 leather armour
rPois    ∞         Spirit   .   c - +0 helmet
rElec    +         Reflect  .   t - +0 cloak
rCorr    .         Harm     .   (no gloves)
MR       .....                  s - +0 pair of boots
Stlth    +.........             (no amulet)
HPRegen  0.14/turn              o - +1 ring of protection
MPRegen  0.10/turn              (no ring)

@: mighty, protection aura, very slightly contaminated, invisible
A: negative energy resistance 1, electricity resistance, unbreathing,
petrification resistance, rot immunity, AC +4
a: no special abilities


You were on level 4 of the Dungeon.
You were not hungry.

You visited 1 branch of the dungeon, and saw 4 of its levels.

You collected 248 gold pieces.

Inventory:

Hand Weapons
 a - a +0 rapier
 y - a +1 rapier of protection (weapon)
Armour
 b - a +0 leather armour (worn)
 c - a +0 helmet (worn)
 s - a +0 pair of boots (worn)
 t - a +0 cloak (worn)
Jewellery
 o - a +1 ring of protection (left hand)
 p - an uncursed ring of flight
Scrolls
 g - 4 scrolls of identify {unknown}
 i - a scroll of random uselessness {unknown}
 j - 3 scrolls of teleportation {unknown}
 k - 2 scrolls of magic mapping {unknown}
 l - a scroll of amnesia {unknown}
 q - 2 scrolls of blinking {unknown}
 r - a scroll of immolation {unknown}
 u - a scroll of remove curse {unknown}
 w - a scroll of fear {unknown}
Potions
 h - a potion of curing
 v - a potion of resistance {unknown}
 x - a potion of brilliance {unknown}
 A - a potion of mutation {unknown}
Comestibles
 d - a chunk of flesh
 f - 7 rations


   Skills:
 + Level 4.0 Fighting
 * Level 4.9 Short Blades
 - Level 1.7 Throwing
 + Level 3.2 Armour
 * Level 4.4 Dodging
 + Level 1.0 Stealth


You had 6 spell levels left.
You didn't know any spells.
Your spell library was empty.

Dungeon Overview and Level Annotations

Branches:
Dungeon (4/15)
 Temple: D:4-7

Altars:
Makhleb
Nemelex Xobeh
Yredelemnul


Innate Abilities, Weirdness & Mutations

You are resistant to torment.
Your stone body is resilient. (AC +4)
You are immune to poison.
You resist negative energy. (rN+)
You are resistant to electric shocks. (rElec)
You can survive without breathing.
You are immune to petrification.
You are immune to rotting.


Message History

The orc priest hits you but does no damage.
You catch the helpless orc priest completely off-guard!
You impale the orc priest!!
You kill the orc priest!
Your Fighting skill increases to level 4!
Your Stealth skill increases to level 1!
The orc closely misses you.
The orc priest hits you with a +0 flail.
You closely miss the orc priest. The orc closely misses you.
The orc priest begins to cast a cantrip, but forgets the words!
You completely miss the orc priest. The orc closely misses you.
The orc priest mumbles some strange prayers to Beogh against you.
Beogh smites you!
* * * LOW HITPOINT WARNING * * *
You puncture the orc priest!
The orc priest is severely wounded.
The orc barely misses you.
The orc priest mumbles some strange prayers to Beogh against you.
Pain shoots through your body!
You die...

.........##.#.##...
#.........###.#.#....
.........# #........
##........#######.... #
#....................
..##...............#.##.
..................##.##.
#..o...........#..##.
#...@)............##.
##..)o..............)
##.....######...####
########.........##
#.........##
#.........#.
#.........## #.........#
#.........#


You could see an orc priest and an orc.

Vanquished Creatures
  Sigmund (D:4)
  An ogre (D:4)
  A quasit (D:4)
  A centaur skeleton (D:4)
  An orc priest (D:4)
  2 hounds (D:4)
  Crazy Yiuf (D:2)
  2 orc wizards
  Terence (D:3)
  7 adders
  2 dart slugs
  2 leopard geckos
  6 orcs
  A ball python (D:2)
  5 giant cockroaches
  6 goblins (D:2)
  4 hobgoblins
  5 jackals
  A quokka (D:2)
  5 bats
  4 frilled lizards
  5 kobolds
  A quokka skeleton (D:3)
  7 rats
72 creatures vanquished.

Notes
Turn   | Place    | Note
-------+----------+-------------------------------------------
     0 | D:1      | Borgoz the Gargoyle Gladiator began the quest for the Orb.
     0 | D:1      | Reached XP level 1. HP: 12/12 MP: 1/1
    82 | D:1      | Reached XP level 2. HP: 11/17 MP: 2/2
   897 | D:2      | Reached skill level 1 in Armour
   944 | D:2      | Reached XP level 3. HP: 20/22 MP: 3/3
  1334 | D:2      | Found a basalt altar of Yredelemnul.
  1524 | D:2      | Found a runed translucent door.
  1525 | D:2      | Noticed Crazy Yiuf
  1602 | D:2      | Reached XP level 4. HP: 27/27 MP: 4/4
  1686 | D:2      | Killed Crazy Yiuf
  1742 | D:3      | Found a burning altar of Makhleb.
  1828 | D:3      | Reached XP level 5. HP: 27/32 MP: 5/5
  2018 | D:3      | Noticed Terence
  2025 | D:3      | Killed Terence
  2158 | D:3      | Found a sparkling altar of Nemelex Xobeh.
  2594 | D:4      | Noticed Sigmund
  2612 | D:4      | Killed Sigmund
  2612 | D:4      | Reached XP level 6. HP: 33/37 MP: 6/6
  2824 | D:4      | Reached XP level 7. HP: 42/42 MP: 7/7
  2941 | D:4      | Found a burning altar of Makhleb.
  3023 | D:4      | Reached skill level 1 in Stealth
  3026 | D:4      | HP: 2/43 [orc priest/divine providence (14)]
  3027 | D:4      | Killed from afar by an orc priest

Skill      XL: |  1  2  3  4  5  6  7 |
---------------+----------------------+-----
Short Blades   | 3 4 |  4.9
Armour         | 1 2 3 |  3.2
Dodging        | 3 4 |  4.4
Fighting       | 3 4 |  4.0
Stealth        | 1 |  1.0
Throwing       | |  1.7

Action                   |  1- 3 |  4- 6 |  7- 9 || total
-------------------------+-------+-------+-------++-------
Melee: Rapier            |    92 |   165 |    34 ||   291
Throw: Throwing net      |     1 |     5 |       ||     6
  Use: Potion            |       |     2 |     3 ||     5
 Stab: Held in net/web   |       |     4 |       ||     4
       Sleeping          |       |     1 |       ||     1
       Invisible         |       |       |     1 ||     1
  Eat: Chunk             |     2 |     4 |     1 ||     7
Armor: Leather armour    |    39 |   102 |    10 ||   151
Dodge: Dodged            |    68 |   169 |    27 ||   264
